 Dungeon Crawl Stone Soup version 0.27.1-33-g824d729ab1 (webtiles) character file.

Game seed: 4846806809994518130

14 comborobin the Sneak (level 2, -2/24 HPs)
             Began as a Merfolk Delver on Dec 28, 2021.
             Was an Initiate of Uskayaw.
             Slain by an iguana (11 damage)
             ... on level 3 of the Dungeon.
             The game lasted 00:00:48 (112 turns).

comborobin the Sneak (Merfolk Delver)                Turns: 112, Time: 00:00:48

Health: -2/24      AC:  7    Str: 12    XL:     2   Next: 45%
Magic:  2/2        EV: 12    Int:  9    God:    Uskayaw [......]
Gold:   0          SH:  0    Dex: 15    Spells: 1/1 levels left

rFire    . . .     SeeInvis .   a - +0 short sword
rCold    . . .     Faith    .   (no shield)
rNeg     . . .     Spirit   .   b - +0 leather armour
rPois    .         Reflect  .   (no helmet)
rElec    .         Harm     .   (no cloak)
rCorr    .         Rampage  .   (no gloves)
Will     .....                  (no boots)
Stlth    +++.......             (no amulet)
HPRegen  0.08/turn              h - +4 ring of protection
MPRegen  0.08/turn              (no ring)

@: no status effects
A: (nimble swimmer 2), mertail
a: Renounce Religion


You were on level 3 of the Dungeon.
You worshipped Uskayaw.
Uskayaw was noncommittal.
You visited 1 branch of the dungeon, and saw 4 of its levels.

Inventory:

Hand Weapons
 a - a +0 short sword (weapon)
Armour
 b - a +0 leather armour (worn)
Jewellery
 h - a +4 ring of protection (left hand)
Wands
 g - a wand of digging (3)
Scrolls
 c - a scroll of fog
 d - a scroll of enchant weapon {unknown}


   Skills:
 + Level 3.3 Fighting
 + Level 2.4 Short Blades
 + Level 2.8 Dodging
 + Level 6.0 Stealth


You had one spell level left.
You didn't know any spells.
Your spell library was empty.

Dungeon Overview and Level Annotations

Branches:
Dungeon (6/15)
 Temple: D:4-7

Altars:
Uskayaw


Innate Abilities, Weirdness & Mutations

((You are quick and stealthy near water. (Stealth+, EV+, Speed+++)))
Your lower body shifts to a powerful aquatic tail in water.


Message History

An ogre comes into view. It is wielding a +0 giant club.
The endoplasm quivers.
The ogre shouts!
A quokka comes into view.
An endoplasm comes into view.
A ball python comes into view.
An orc comes into view. It is wielding a +0 dagger.
An orc comes into view. It is wielding a +0 short sword.
The ball python hisses angrily.
Found 15 gold pieces.
Found 8 gold pieces.
Found a stone staircase leading down.
An iguana comes into view.
An ogre comes into view. It is wielding a +0 giant club.
The ogre shouts!
You hear an angry hiss.
A giant cockroach comes into view.
The giant cockroach moves out of view.
Your extra speed is starting to run out.
Found a cloak.
The iguana hisses angrily.
You feel yourself slow down.
Found an escape hatch in the ceiling.
Found a stone staircase leading up.
There is an escape hatch in the ceiling here.
The iguana barely misses you. A mysterious force pulls you upwards.
The hatch slams shut behind you.
You hear the sound of rushing water.
There is an entrance to a sewer on this level.
Hurry and find it before the portal rusts away!
Unknown command.
Found a glowing spear.
Found a cyan potion, a mace and 15 gold pieces.
Found a hide-covered altar of Uskayaw.
Found an escape hatch in the floor.
Found a stone staircase leading down.
The iguana barely misses you.
A rat comes into view.
You see here a cyan potion.
The iguana barely misses you.
There is a hide-covered altar of Uskayaw here.
You kneel at the altar of Uskayaw.
Uskayaw welcomes you! The iguana bites you!
You die...

#.######.#.#
####........#.##
...>......>....
##...........#
...8......r8.#
#............#
#..8..$..).8.#
#......)!....#
#..8...@l..8.#
#.....###....#
####........##
###.####.# #.#
.# #.# .# #.# #
#.# #.#


You could see an iguana and a rat.

Vanquished Creatures
  A hound skeleton (D:4)
  An orc (D:4)
2 creatures vanquished.

Notes
Turn   | Place    | Note
-------+----------+-------------------------------------------
     0 | D:5      | comborobin the Merfolk Delver began the quest for the Orb.
     0 | D:5      | Reached XP level 1. HP: 18/18 MP: 1/1
    20 | D:5      | Noticed a centaur
    46 | D:4      | Reached XP level 2. HP: 11/24 MP: 2/2
    57 | D:4      | Reached skill level 6 in Stealth
    69 | D:4      | Noticed an ogre
    85 | D:4      | Noticed an ogre
   108 | D:3      | Found a hide-covered altar of Uskayaw.
   112 | D:3      | Became a worshipper of Uskayaw the Reveller
   112 | D:3      | Slain by an iguana

Illustrated notes

Levels and vault maps discovered:
D:3:      layout_loops_ring, eat_drink_and_be_merry_uskayaw,
          shapermc_ecumenical_altar_pompeii, portal_sewer_entry_b, serial_shops,
          shop
D:4:      layout_loops_ring, nicolae_qazlal_general_emergency, kennysheep_mini,
          temple_hall, gammafunk_ghost_split, minmay_circle_x, uniq_grinder,
          uniq_pikel
D:5:      layout_gridville, minmay_a_box_with_orc_wizards_in_it, uniq_duvessa
D:6:      layout_loops_ring, hex_medium, uniq_crazy_yiuf_cottage

Skill      XL: |  1  2 |
---------------+-------+-----
Stealth        | 6 |  6.0
Fighting       | |  3.3
Short Blades   | |  2.4
Dodging        | |  2.8

Action                   || total
-------------------------++-------
Melee: Short sword       ||    13
  Use: Scroll            ||     2
       Potion            ||     1
Armor: Leather armour    ||     3
Dodge: Dodged            ||    15
